Map: Deathaura LE

Players

Asuna - Winner!

  • Race: Protoss Protoss
  • League: Master
  • Spawn Location: 11:00

Jason

  • Race: Terran Terran
  • League: Grandmaster
  • Spawn Location: 5:00

Event: DreamHack SC2 Masters 2020 Winter

VOD

Have the link to the VOD?

Description

Time

  • Played on: Oct. 13, 2020, 7:02 p.m.
  • Length: 4:38

All games in this series

Show
View Real Time Build Order
Export as new Build Order

Asuna Protoss - Winner!

Build Orders: 1 Gate Expand 

Get SALT Encoding   

  12  0:00  Probe  
  13  0:13  Pylon  
  13  0:17  Probe  
  14  0:32  Gateway  
  14  0:33  Probe (Chrono Boost)  
  16  0:43  Assimilator, Probe (Chrono Boost)  
  16  0:48  Probe (Chrono Boost)  
  17  1:00  Probe  
  18  1:12  Probe  
  19  1:20  Cybernetics Core  
  19  1:24  Probe  
  20  1:33  Nexus  
  20  1:40  Pylon  
  20  1:44  Probe  
  21  1:52  Assimilator  
  21  1:54  Adept (Chrono Boost)  
  23  2:03  Shield Battery  
  23  2:05  Probe  
  24  2:19  Stalker (Chrono Boost)  
  25  2:23  Warp Gate  
  25  2:30  Probe  
  25  2:37  Shield Battery  
  26  2:42  Probe  
  27  2:46  Stalker (Chrono Boost)  
  29  2:54  Pylon  
  29  3:00  Probe x2  
  31  3:12  Probe  
  33  3:14  Stalker  
  34  3:27  Gateway  
  34  3:31  Gateway  
  33  3:41  Probe  
  33  3:48  Shield Battery  
  33  3:50  Pylon  
  33  3:51  Probe  
  33  3:54  Probe  
  32  4:10  Probe  
  32  4:14  Twilight Council  
  32  4:15  Pylon  
  34  4:19  Stalker  
  35  4:27  Stalker  
  35  4:29  Stalker  
Show
View Real Time Build Order
Export as new Build Order

Jason Terran 

Build Orders:  

Get SALT Encoding   

  12  0:00  SCV  
  13  0:14  Supply Depot  
  13  0:18  SCV  
  14  0:37  Barracks  
  14  0:41  Refinery  
  14  0:56  Barracks  
  14  1:00  SCV  
  15  1:20  Barracks  
  15  1:25  Reaper  
  16  1:31  SCV  
  17  1:39  Refinery  
  17  1:47  Reaper  
  18  2:00  Reaper  
  19  2:07  Supply Depot  
  19  2:15  Reaper  
  20  2:24  Reaper  
  21  2:34  Reaper  
  22  2:51  Orbital Command  
  22  2:55  Reaper  
  22  2:58  Reaper  
  24  3:09  Reaper  
  24  3:13  Supply Depot  
  24  3:26  SCV  
  25  3:27  Reaper  
  25  3:30  Reaper  
  26  3:49  Reaper  
  27  4:00  Reaper  
  26  4:03  Reaper  
  26  4:11  SCV  
  27  4:21  Command Center  
  27  4:23  SCV  
Tags
 
Add a new tag
Caveats
  • Supply blocks, unpowered buildings, or Contaminate may cause inaccurate times.
  • Supply counts are checked every 10 seconds.